 Dungeon Crawl Stone Soup version 0.27.1-34-g3ba077fa99 (webtiles) character file.

Game seed: 1822952207448674514

189 Karpo the Sneak (level 5, -3/24 HPs)
             Began as a Spriggan Enchanter on Feb 1, 2022.
             Slain by Grinder (8 damage)
             ... on level 4 of the Dungeon.
             The game lasted 00:16:25 (5888 turns).

Karpo the Sneak (Spriggan Enchanter)                Turns: 5888, Time: 00:16:25

Health: -3/24      AC:  2    Str:  4    XL:     5   Next: 40%
Magic:  7/10       EV: 17    Int: 17    God:
Gold:   121        SH:  0    Dex: 16    Spells: 0/9 levels left

rFire    . . .     SeeInvis +   a - +1 dagger
rCold    . . .     Faith    .   (shield restricted)
rNeg     . . .     Spirit   .   b - +0 robe
rPois    .         Reflect  .   (helmet restricted)
rElec    .         Harm     .   (no cloak)
rCorr    .         Rampage  .   (gloves unavailable)
Will     .....                  (boots unavailable)
Stlth    ++++......             (no amulet)
HPRegen  0.08/turn              (no ring)
MPRegen  0.12/turn              (no ring)

@: confusing by touch, very quick
A: very small, no large weapons, unfitting armour, see invisible, speed 3
a: no special abilities


You were on level 4 of the Dungeon.
You visited 1 branch of the dungeon, and saw 4 of its levels.

You collected 121 gold pieces.

Inventory:

Hand Weapons
 a - a +1 dagger (weapon)
 m - a +2 short sword of freezing
Armour
 b - a +0 robe (worn)
 i - a scarf of harm
Scrolls
 d - 2 scrolls of identify {unknown}
 e - a scroll of brand weapon {unknown}
 f - a scroll of vulnerability {unknown}
 g - a scroll of fog {unknown}
 h - a scroll of magic mapping {unknown}
Potions
 c - 2 potions of heal wounds {unknown}
 j - 2 potions of might {unknown}
 k - 2 potions of brilliance {unknown}
 l - a potion of lignification {unknown}


   Skills:
 + Level 4.2 Short Blades
 - Level 2.6 Dodging
 + Level 7.4 Stealth
 - Level 2.6 Spellcasting
 - Level 3.6 Hexes


You couldn't memorise any spells.
You knew the following spells:

 Your Spells              Type           Power      Damage    Failure   Level
a - Corona                Hex            15%        N/A       4%          1
b - Ensorcelled Hibernat  Hex/Ice        16%        N/A       13%         2
c - Confusing Touch       Hex            14%        N/A       12%         3
d - Tukima's Dance        Hex            14%        N/A       12%         3

Your spell library contained the following spells:

 Spells                   Type           Power      Damage    Failure   Level
 Static Discharge         Conj/Air       2%         N/A       26%         2
 Dazzling Flash           Conj/Hex       16%        N/A       26%         3
 Portal Projectile        Hex/Tloc       16%        N/A       26%         3
 Call Canine Familiar     Summ           2%         N/A       47%         3
 Ozocubu's Armour         Ice            2%         N/A       47%         3
 Leda's Liquefaction      Hex/Erth       4%         N/A       65%         4
 Dispel Undead            Necr           2%         3d7       87%         4
 Sticky Flame             Conj/Fire      2%         2d3       87%         4
 Ozocubu's Refrigeration  Ice            1%         4d5       100%        7


Dungeon Overview and Level Annotations

Branches:
Dungeon (4/15)
 Temple: D:4-7

Altars:
Ashenzari

Shops:
D:1 **

Annotations:
D:2 Natasha
D:4 Grinder, Pikel


Innate Abilities, Weirdness & Mutations

You are very small and have problems with some larger weapons.
You are too small for most types of armour.
You have supernaturally acute eyesight. (SInv)
You cover ground extremely quickly. (Speed+++)


Message History

You hit the giant cockroach.
You kill the giant cockroach!
You start resting.
HP restored.
Magic restored.
A lemure comes into view.
The lemure shouts!
A lemure comes into view. x2
A lemure and Pikel come into view.
Pikel is wielding a +0 whip of flaming.
The lemure shouts!
Things that are here:
a +0 flail; an orc corpse You see here a +0 hunting sling.
There is a stone staircase leading up here.
You climb upwards.
There is a stone staircase leading down here.
You climb downwards.
Level annotation: Pikel
There is a stone staircase leading up here.
You open the door.
There is an open door here.
Found 11 gold pieces.
Found a club.
You now have 121 gold pieces (gained 11).
There is an open door here.
Found a whip.
You open the door.
Grinder comes into view.
Grinder shouts!
Grinder blinks!
There is an open door here.
Casting: Ensorcelled Hibernation (safe; 13% risk of failure)
Confirm with . or Enter, or press ? or * to list all spells.
The spell is quite dangerous to cast (12% risk of failure)!
Continue anyway?
Your hands begin to glow red.
Grinder hits you!
You writhe in agony.
You hit Grinder but do no damage. Grinder barely misses you.
You hit Grinder but do no damage. Grinder hits you.
You writhe in agony.
* * * LOW HITPOINT WARNING * * *
You hit Grinder but do no damage. Grinder hits you!
You die...

..#####.####...
##...## #.....#
##...## ##.##
#.# #.# ##'##
#@..# #.5...#
#.......#
#.........#
+.........+
#.........#
##.......##
##.....##


You could see Grinder.

Vanquished Creatures
  An orc priest (D:3)
  An orc wizard (D:3)
  5 adders
  2 worms
  2 dart slugs (D:1)
  9 orcs
  5 bats (D:1)
  6 endoplasms
  2 giant cockroaches
  A goblin (D:4)
  8 hobgoblins
  5 jackals
  3 quokkas
  7 ball pythons
  4 frilled lizards
  6 kobolds
  A rat (D:2)
68 creatures vanquished.

Notes
Turn   | Place    | Note
-------+----------+-------------------------------------------
     0 | D:1      | Karpo the Spriggan Enchanter began the quest for the Orb.
     0 | D:1      | Reached XP level 1. HP: 9/9 MP: 5/5
   272 | D:1      | Reached XP level 2. HP: 8/13 MP: 6/6
   359 | D:1      | Reached skill level 5 in Stealth
   484 | D:1      | Learned a level 2 spell: Ensorcelled Hibernation
   669 | D:1      | Found Kewohof's General Store.
   935 | D:1      | Found Caexiust's General Store.
  1395 | D:1      | Found a faded altar of an unknown god.
  1404 | D:1      | Reached XP level 3. HP: 16/16 MP: 8/8
  1852 | D:2      | Noticed Natasha
  1857 | D:2      | Learned a level 3 spell: Confusing Touch
  2846 | D:2      | Reached skill level 6 in Stealth
  3181 | D:2      | Reached XP level 4. HP: 21/21 MP: 9/9
  4705 | D:3      | Reached XP level 5. HP: 24/24 MP: 10/10
  4716 | D:3      | Reached skill level 7 in Stealth
  4720 | D:3      | Learned a level 3 spell: Tukima's Dance
  5228 | D:3      | Found a broken altar of Ashenzari.
  5778 | D:4      | Noticed a lemure
  5779 | D:4      | Noticed a lemure
  5779 | D:4      | Noticed a lemure
  5780 | D:4      | Noticed Pikel
  5780 | D:4      | Noticed a lemure
  5882 | D:4      | Noticed Grinder
  5888 | D:4      | Slain by Grinder

Illustrated notes

Levels and vault maps discovered:
D:1:      minmay_arrival_three_doors, layout_loops_cross,
          shapermc_ecumenical_altar_notcrosses, serial_shops,
          nicolae_lakefront_shop, nicolae_shop_window_shopping, minivault_23,
          minmay_crystal_room
D:2:      layout_loops_corners, nrook_mini_backslash, minivault_23,
          minmay_hexomino_p4, uniq_natasha
D:3:      layout_loops_cross, ashenzari_altar_1
D:4:      layout_loops_corners, uniq_robin, uniq_grinder, uniq_blork_the_orc,
          uniq_pikel

Skill      XL: |  1  2  3  4  5 |
---------------+----------------+-----
Stealth        | 5 6 7 |  7.4
Short Blades   | 2 3 4 |  4.2
Dodging        | |  2.6
Spellcasting   | |  2.6
Hexes          | |  3.6

Action                   |  1- 3 |  4- 6 || total
-------------------------+-------+-------++-------
Melee: Dagger            |   185 |   121 ||   306
 Cast: Ensorcelled Hiber |     7 |    22 ||    29
       Confusing Touch   |     1 |     1 ||     2
 Stab: Sleeping          |    15 |    15 ||    30
       Distracted        |       |     1 ||     1
Armor: Robe              |    14 |     4 ||    18
Dodge: Dodged            |   124 |    72 ||   196
